Map: Catalyst LE

Players

CyberKNIGHT

  • Race: Terran Terran
  • League: Silver
  • Spawn Location: 11:00

Nds - Winner!

  • Race: Zerg Zerg
  • League: Silver
  • Spawn Location: 5:00

VOD

Have the link to the VOD?

Description

was my 100th game ever :)

Time

  • Played on: May 16, 2018, 9:02 a.m.
  • Length: 16:06
Show
View Real Time Build Order
Export as new Build Order

CyberKNIGHT Terran 

Build Orders:  

Get SALT Encoding   

  12  0:29  Supply Depot  
  12  0:37  SCV  
  14  0:50  SCV  
  14  0:55  Barracks  
  14  1:02  SCV  
  14  1:04  Refinery  
  15  1:14  SCV  
  16  1:26  SCV  
  16  1:30  Refinery  
  17  1:38  SCV  
  18  1:44  Supply Depot  
  18  1:50  SCV  
  19  2:02  Reaper, SCV  
  21  2:11  Factory  
  21  2:14  SCV  
  22  2:26  SCV  
  23  2:40  Reaper, Command Center  
  24  3:05  Orbital Command  
  23  3:20  Factory Reactor  
  23  3:25  Armory  
  22  3:58  Barracks Reactor  
  22  4:06  Hellion x2  
  26  4:18  Terran Vehicle Weapons Level 1, Factory  
  26  4:27  Hellion x2  
  30  4:36  SCV  
  31  4:48  Hellion x2, SCV  
  31  4:52  Supply Depot  
  36  5:00  SCV  
  37  5:12  SCV  
  38  5:14  Hellion x2  
  42  5:24  Supply Depot, SCV  
  42  5:25  Supply Depot  
  42  5:27  Hellion  
  42  5:28  Hellion  
  47  5:36  Hellion x2  
  51  5:49  Hellion x2  
  35  7:11  Hellion x4  
  35  7:32  Hellion  
  35  7:33  Hellion x3  
  43  7:37  Factory  
  43  7:43  Supply Depot, Terran Vehicle And Ship Armor Level 1  
  43  7:54  Hellion x4  
  51  8:05  Barracks Reactor  
  49  8:15  Hellion x3  
  49  8:16  Hellion  
  57  8:27  Hellion  
  57  8:33  Supply Depot  
  57  8:35  Supply Depot  
  57  8:37  Hellion x4  
  67  8:48  Hellion  
  67  8:58  Hellion x2  
  43  9:21  Hellion x2  
  43  9:22  Hellion x2  
  51  9:27  Hellion  
  53  9:34  Hellion  
  55  9:40  SCV  
  55  9:43  Hellion x3  
  62  9:52  SCV  
  53  10:05  SCV  
  46  10:17  SCV  
  47  10:26  Starport  
  47  10:28  Terran Vehicle And Ship Armor Level 2  
  47  10:29  SCV  
  47  10:33  Starport  
  48  10:36  Hellion  
  48  10:37  Hellion x4  
  48  10:39  Hellion  
  60  11:06  Medivac  
  62  11:12  Hellion x5  
  62  11:17  Hellion  
  74  11:32  Orbital Command  
  74  11:36  Medivac  
  76  11:51  Hellion x3  
  76  11:52  Hellion x3  
  88  12:12  Hellion  
  48  12:56  Terran Ship Weapons Level 1  
  48  13:09  Liberator x3  
  48  13:10  Liberator  
  57  13:28  Refinery  
  57  13:32  Refinery  
  60  13:52  Liberator x4  
  60  13:53  SCV  
  61  14:05  SCV  
  74  14:17  SCV  
  75  14:29  SCV  
  56  14:53  Liberator x4  
Show
View Real Time Build Order
Export as new Build Order

Nds Zerg - Winner!

Build Orders: Hatch First 

Get SALT Encoding   

  12  0:02  Drone  
  13  0:14  Overlord  
  13  0:25  Drone  
  14  0:35  Drone x2  
  16  0:39  Drone  
  17  0:55  Hatchery  
  16  0:59  Drone  
  16  1:02  Extractor  
  16  1:03  Drone  
  17  1:20  Spawning Pool  
  17  1:25  Drone  
  17  1:27  Drone  
  18  1:38  Drone  
  19  1:41  Overlord  
  19  1:54  Drone  
  20  2:07  Drone  
  21  2:08  Metabolic Boost  
  21  2:10  Queen  
  21  2:12  Drone  
  24  2:17  Drone  
  24  2:21  Zergling x2  
  26  2:24  Queen  
  26  2:27  Drone  
  29  2:36  Drone  
  29  2:37  Drone  
  31  2:56  Drone  
  31  2:57  Drone x2  
  34  2:59  Hatchery  
  33  3:21  Zergling x6  
  33  3:24  Overlord x3  
  36  3:41  Queen  
  38  4:00  Roach Warren  
  37  4:12  Extractor  
  37  4:14  Lair  
  36  4:41  Queen  
  38  4:46  Drone x2  
  38  4:47  Drone x5  
  38  4:48  Drone x2  
  47  4:55  Drone x3  
  47  4:56  Drone x3  
  53  5:10  Drone x3  
  56  5:16  Glial Reconstitution  
  56  5:18  Hydralisk Den  
  55  5:46  Queen  
  57  5:58  Roach x4  
  57  6:00  Overlord x2  
  57  6:01  Overlord x6  
  57  6:02  Overlord x3  
  65  6:05  Grooved Spines  
  65  6:11  Extractor  
  65  6:14  Spore Crawler  
  65  6:16  Extractor  
  56  6:29  Zergling x12  
  56  6:30  Zergling x16  
  55  6:46  Zergling x8  
  43  7:02  Queen  
  46  7:15  Drone x3  
  46  7:16  Drone x5, Muscular Augments  
  46  7:17  Drone  
  49  7:49  Drone x3  
  49  7:50  Drone x5  
  57  8:02  Roach x3  
  57  8:03  Roach x3  
  69  8:08  Hydralisk  
  67  8:23  Roach  
  67  8:24  Roach x4  
  75  8:37  Hydralisk x2  
  79  8:53  Roach x2  
  79  8:54  Roach  
  82  9:08  Roach x5  
  76  9:20  Zergling x6  
  79  9:27  Baneling Nest, Roach  
  80  9:47  Zergling x2  
  80  9:48  Hatchery, Zergling x8  
  81  10:00  Roach x5  
  89  10:19  Baneling x2  
  89  10:20  Baneling x7  
  89  10:21  Baneling  
  89  10:22  Centrifical Hooks  
  89  10:27  Roach  
  89  10:28  Roach x4  
  99  10:47  Queen  
  101  10:50  Queen  
  103  11:10  Roach x3, Hydralisk x2  
  103  11:11  Hydralisk x2  
  113  11:16  Drone  
  113  11:17  Drone  
  119  11:37  Queen  
  121  11:48  Zergling x4  
  121  11:49  Zergling x12  
  121  11:51  Overlord  
  129  11:56  Queen  
  129  11:58  Queen  
  133  12:06  Roach x4  
  133  12:07  Roach x3  
  147  12:14  Baneling x5  
  147  12:15  Baneling  
  133  12:56  Roach x5  
  133  12:57  Roach x2, Zergling x6  
  133  12:58  Zergling x2  
  151  12:59  Ravager x5  
  151  13:00  Ravager x2  
  158  13:15  Spore Crawler  
  158  13:18  Spore Crawler  
  158  13:19  Spore Crawler  
  155  13:24  Overlord x3  
  155  13:25  Overlord, Spore Crawler  
  154  13:38  Spore Crawler  
  154  13:40  Spore Crawler  
  152  13:54  Zergling x6  
  152  13:55  Zergling x4  
  157  13:59  Overseer  
  155  14:04  Overseer  
  155  14:05  Overseer x6  
  155  14:19  Hydralisk x3  
  155  14:20  Hydralisk x5  
  165  14:52  Hydralisk  
  165  14:53  Hydralisk x7  
  179  15:09  Baneling  
  179  15:10  Baneling x8  
  179  15:11  Baneling x4  
  175  15:38  Hydralisk x7  
Tags
 
Matchup
TvZ
Spawn Locations
Cross Positions
Add a new tag
Caveats
  • Supply blocks, unpowered buildings, or Contaminate may cause inaccurate times.
  • Supply counts are checked every 10 seconds.